 Dungeon Crawl Stone Soup version 0.21-a0-528-gf531e82 (webtiles) character file.

100 Gerstahl the Skirmisher (level 4, 0/30 HPs)
             Began as a Gargoyle Monk on Dec 8, 2017.
             Slain by Purgy (7 damage)
             ... on level 3 of the Dungeon.
             The game lasted 00:02:32 (1745 turns).

Gerstahl the Skirmisher (Gargoyle Monk)             Turns: 1745, Time: 00:02:33

Health: 0/30       AC:  5    Str: 14    XL:     4   Next: 74%
Magic:  4/4        EV: 13    Int: 11    God:
Gold:   112        SH:  0    Dex: 13    Spells: 3/3 levels left

rFire    . . .     SeeInvis .   a - +0 falchion
rCold    . . .     Gourm    .   (no shield)
rNeg     + . .     Faith    .   b - +0 robe
rPois    ∞         Spirit   .   (no helmet)
rElec    +         Reflect  .   (no cloak)
rCorr    .         Harm     .   (no gloves)
MR       .....                  (no boots)
Stlth    ++........             (no amulet)
HPRegen  0.10/turn              (no ring)
MPRegen  0.09/turn              (no ring)

@: hasted, very quick
A: negative energy resistance 1, electricity resistance, unbreathing,
petrification resistance, rot immunity, AC +3
a: no special abilities


You were on level 3 of the Dungeon.
You were not hungry.

You visited 1 branch of the dungeon, and saw 3 of its levels.

You collected 112 gold pieces.

Inventory:

Hand Weapons
 a - a +0 falchion (weapon)
Armour
 b - a +0 robe (worn)
Jewellery
 g - an uncursed ring of wizardry {unknown}
Scrolls
 f - a scroll of enchant weapon {unknown}
 h - a scroll of blinking {unknown}
 j - a scroll of magic mapping {unknown}
 k - a scroll of random uselessness {unknown}
 l - a scroll of teleportation {unknown}
 n - a scroll of remove curse {unknown}
 p - a scroll of identify {unknown}
Potions
 m - a potion of heal wounds {unknown}
Comestibles
 c - a bread ration
 d - a meat ration
 o - a chunk of flesh


   Skills:
 + Level 4.6 Fighting
 + Level 3.8 Long Blades
 - Level 2.5 Dodging
 - Level 2.3 Stealth


You had 3 spell levels left.
You didn't know any spells.

Dungeon Overview and Level Annotations

Branches:
Dungeon (3/15)

Altars:
Ru
Wu Jian

Annotations:
D:3 Purgy


Innate Abilities, Weirdness & Mutations

You are resistant to torment.
Your stone body is resilient. (AC +3)
You are immune to poison.
You resist negative energy. (rN+)
You are resistant to electric shocks. (rElec)
You can survive without breathing.
You are immune to petrification.
You are immune to rotting.


Message History

Purgy snarls, "My home!
Leave!"
Purgy bites you. Purgy claws you. Purgy closely misses you.
It was a potion of haste.
You feel yourself speed up. Purgy bites you. Purgy misses you. Purgy claws you.
You closely miss Purgy.
Purgy is lightly wounded.
Purgy bites you but does no damage. Purgy closely misses you. Purgy misses you.
You hit Purgy but do no damage. You hit Purgy.
Purgy is lightly wounded.
Purgy bites you but does no damage. Purgy closely misses you. x2
You closely miss Purgy.
Purgy is lightly wounded.
Purgy bites you.
* * * LOW HITPOINT WARNING * * *
Purgy claws you but does no damage. Purgy closely misses you.
You hit Purgy.
Purgy is moderately wounded.
Purgy bites you!
You die...

.......############.#......##
.......#............#.####.##
.......#..(...........# #.##
...................#######.##
.......#....................#
#.........#.######.........#
#.........#..# #.........#
#.........##.#####.........#
+.........T@.....+....>....#
#..)......##.#####.........#
#.........##..####.........#
#.........##......####....#.
#.........##......# #.####.
#...%.....##......####......
#.........##............###.
......!..##.......##...####
........##.......##.......


You could see Purgy.

Vanquished Creatures
  A hound (D:3)
  An adder (D:2)
  A worm (D:2)
  2 dart slugs (D:2)
  2 leopard geckos (D:2)
  An orc (D:2)
  7 bats
  4 giant cockroaches
  10 goblins
  6 hobgoblins
  3 jackals (D:2)
  A frilled lizard (D:1)
  3 kobolds
  8 rats
50 creatures vanquished.

Notes
Turn   | Place    | Note
-------+----------+-------------------------------------------
     0 | D:1      | Gerstahl the Gargoyle Monk began the quest for the Orb.
     0 | D:1      | Reached XP level 1. HP: 14/14 MP: 1/1
   155 | D:1      | Reached XP level 2. HP: 18/19 MP: 2/2
   538 | D:2      | Reached XP level 3. HP: 12/24 MP: 3/3
   952 | D:2      | Reached skill level 4 in Fighting
  1127 | D:2      | Reached XP level 4. HP: 15/29 MP: 4/4
  1391 | D:2      | Found a sacrificial altar of Ru.
  1393 | D:2      | Found an ornate altar of the Wu Jian Council.
  1717 | D:3      | Noticed Purgy
  1745 | D:3      | Slain by Purgy

Vault maps used:
D:1:      minmay_arrival_split_and_join
D:2:      nicolae_overflow_hidden_temple, kennysheep_generic_room_4
D:3:      first_bread, minmay_surrounded, uniq_grinder, uniq_purgy

Skill      XL: |  1  2  3 |
---------------+----------+-----
Long Blades    | 3 |  3.8
Fighting       | 4 |  4.6
Dodging        | |  2.5
Stealth        | |  2.3

Action                   |  1- 3 |  4- 6 || total
-------------------------+-------+-------++-------
Melee: Falchion          |   106 |    43 ||   149
  Use: Potion            |       |     2 ||     2
 Stab: Sleeping          |     6 |     3 ||     9
  Eat: Chunk             |     1 |     2 ||     3
Armor: Robe              |    35 |    20 ||    55
Dodge: Dodged            |    87 |    36 ||   123
       Rpst.: Falchion   |    26 |    11 ||    37

Table legend:
 A = Spawn XP
 B = Non-spawn XP
 C = Spawn XP percentage of total XP
 D = Spawn monster count
 E = Non-spawn monster count
 F = Spawn count percentage of total count
 G = Total turns spent on level
                    A         B        C        D         E        F      G
               +---------+---------+-------+---------+---------+-------+---------
         Total |       0 |     144 |   0.0 |       0 |      50 |   0.0 |  1745
               +---------+---------+-------+---------+---------+-------+---------
           D:1 |       0 |      25 |   0.0 |       0 |      16 |   0.0 |   469
           D:2 |       0 |      62 |   0.0 |       0 |      25 |   0.0 |  1060
           D:3 |       0 |      57 |   0.0 |       0 |       9 |   0.0 |   216
               +---------+---------+-------+---------+---------+-------+---------
